 Dungeon Crawl Stone Soup version 0.30-a0-637-gacddeb6d44 (webtiles) character file.

Game seed: 7793950174114920410

27 Leeroy the Slasher (level 3, 0/21 HPs)
             Began as a Tengu Warper on Jan 15, 2023.
             Slain by an adder (1 damage)
             ... on level 2 of the Dungeon.
             The game lasted 00:00:58 (838 turns).

Leeroy the Slasher (Tengu Warper)                    Turns: 838, Time: 00:00:59

Health: 0/21       AC:  3    Str: 11    XL:     3   Next: 10%
Magic:  7/7        EV: 12    Int: 13    God:
Gold:   107        SH:  0    Dex: 15    Spells: 6/6 levels left

rFire   . . .      SeeInvis .    a - +0 falchion
rCold   . . .      Faith    .    (no shield)
rNeg    . . .      Spirit   .    b - +0 leather armour
rPois   .          Reflect  .    (helmet restricted)
rElec   .          Harm     .    (no cloak)
rCorr   .          Rampage  .    (no gloves)
Will    .....                    (boots unavailable)
Stlth   +                        (no amulet)
HPRegen 0.23/turn                (no ring)
MPRegen 0.10/turn                (no ring)

@: lethally poisoned (0 -> -2), flying
A: beak, talons 3
a: no special abilities


You were on level 2 of the Dungeon.
You visited 1 branch of the dungeon, and saw 2 of its levels.

You collected 107 gold pieces.

Inventory:

Hand Weapons
 a - a +0 falchion (weapon)
Missiles
 d - 7 boomerangs of dispersal (quivered)
Armour
 b - a +0 leather armour (worn)
Jewellery
 e - a +4 ring of protection
Scrolls
 c - a scroll of blinking
 i - a scroll of poison {unknown}
 j - a scroll of fear {unknown}
 k - a scroll of fog {unknown}
 l - a scroll of magic mapping {unknown}
Potions
 g - a potion of might {unknown}
 h - a potion of curing {unknown}


   Skills:
 - Level 2.0 Fighting
 + Level 3.8 Long Blades
 - Level 1.0 Throwing
 - Level 1.1 Armour
 - Level 2.1 Dodging
 - Level 2.0 Spellcasting
 - Level 2.4 Translocations


You had 6 spell levels left.
You didn't know any spells.
Your spell library contained the following spells:

 Spells                   Type           Power      Damage    Failure   Level
 Blink                    Tloc           14%        N/A       19%         2
 Lesser Beckoning         Tloc           14%        N/A       36%         3
 Teleport Other           Tloc           7%         N/A       36%         3
 Vhi's Electric Charge    Tloc/Air       8%         N/A       52%         3
 Manifold Assault         Tloc           7%         N/A       77%         4


Dungeon Overview and Level Annotations

Branches:
Dungeon (2/15)

Altars:


Innate Abilities, Weirdness & Mutations

You have a beak for a mouth.
You have claws for feet.


Message History

The adder is lightly wounded.
The bat misses you. The adder barely misses you. The endoplasm hits you.
The bat closely misses you. The adder bites you but does no damage.
You miss the bat. You claw the bat.
You kill the bat!
The adder barely misses you. The endoplasm barely misses you.
You hit the adder but do no damage. You claw the adder.
Your peck misses the adder.
The adder is heavily wounded.
The adder bites you. The endoplasm hits you. The adder barely misses you.
You closely miss the adder. Your kick misses the adder.
You peck the adder, but do no damage.
The adder is heavily wounded.
The endoplasm freezes you.
You are frozen.
The adder closely misses you.
You hit the adder but do no damage. Your kick misses the adder.
The adder is heavily wounded.
The adder barely misses you. The endoplasm freezes you.
You are frozen.
The adder bites you.
You are poisoned.
The adder poisons you! The endoplasm misses you.
You are too injured to fight recklessly!
There are monsters nearby!
You barely miss the adder. Your kick misses the adder.
The adder is heavily wounded.
You feel sick. The adder closely misses you. The endoplasm hits you.
You barely miss the adder. Your kick misses the adder.
The adder is heavily wounded.
* * * LOW HITPOINT WARNING * * *
You feel sick. The adder bites you.
* * * LOW HITPOINT WARNING * * *
The endoplasm hits you.
* * * LOW HITPOINT WARNING * * *
It was a potion of flight.
You feel very buoyant.
You fly up into the air.
* * * LOW HITPOINT WARNING * * *
You feel sick. The adder bites you.
You die...

.......<#
........###
#.........##
#.###.###..##
#...#. ##..#
#.... ##.# .
#...####.####
....#....$....#
......S@...#?..#
......J†.....###
.............#
............##
............#
............#
............#
...........##


You could see an adder and an endoplasm.

Vanquished Creatures
  4 bats
  3 endoplasms (D:1)
  A giant cockroach (D:1)
  4 hobgoblins (D:1)
  3 ball pythons (D:1)
  A frilled lizard (D:1)
  2 goblins (D:1)
  4 kobolds (D:1)
  6 rats
28 creatures vanquished.

Notes
Turn   | Place    | Note
-------+----------+-------------------------------------------
     0 | D:1      | Leeroy the Tengu Warper began the quest for the Orb.
     0 | D:1      | Reached XP level 1. HP: 12/12 MP: 4/4
   131 | D:1      | Reached XP level 2. HP: 17/17 MP: 6/6
   137 | D:1      | Reached skill level 3 in Long Blades
   731 | D:1      | Reached XP level 3. HP: 20/21 MP: 7/7
   838 | D:2      | HP: 1/21 [poisoned by an adder]
   838 | D:2      | Slain by an adder

Illustrated notes

Levels and vault maps discovered:
D:1:      amcnicky_arrival_feature_with_door, layout_loops_ring
D:2:      layout_rooms, hellmonk_ecumenical_altar_slurped_away

Skill      XL: |  1  2 |
---------------+-------+-----
Long Blades    | 3 |  3.8
Fighting       | |  2.0
Throwing       | |  1.0
Armour         | |  1.1
Dodging        | |  2.1
Spellcasting   | |  2.0
Translocations | |  2.4

Action                   || total
-------------------------++-------
Melee: Falchion          ||    66
       Kick              ||    15
       Peck              ||    13
       Punch             ||     1
  Use: Potion            ||     1
 Stab: Sleeping          ||     1
Armor: Leather armour    ||    28
Dodge: Dodged            ||    48

Table legend: (Time is in decaauts)
 A = Elapsed time spent in this place.
 B = Non-inter-level travel time spent in this place.
 C = Inter-level travel time spent in this place.
 D = Time resting spent in this place.
 E = Time spent auto-exploring this place.
 F = Levels seen in this place.
 G = Mean time per level.
                   A        B        C        D        E       F      G
               +--------+--------+--------+--------+--------+-----+--------+
         Total |    846 |    825 |     21 |      0 |    649 |   2 |  423.0 |
       Dungeon |    846 |    825 |     21 |      0 |    649 |   2 |  423.0 |
               +--------+--------+--------+--------+--------+-----+--------+

Top non-repeatable levels by time:
     D:1: 807 daAuts
     D:2: 38 daAuts
